 Dungeon Crawl Stone Soup version 0.18-a0-1211-g828307d (webtiles) character file.

142 M4edhros the Vandal (level 5, -11/33 HPs)
             Began as an Octopode Artificer on Feb 3, 2016.
             Mangled by Pikel
             ... wielding a +2 whip of electrocution
              (16 damage)
             ... on level 4 of the Dungeon.
             The game lasted 00:03:10 (1501 turns).

M4edhros the Vandal (Octopode Artificer)            Turns: 1501, Time: 00:03:11

Health: -11/33     AC:  6    Str: 11    XL:     5   Next: 25%
Magic:  7/7        EV: 12    Int: 15    God:    Xom [.*....]
Gold:   65         SH:  0    Dex: 12    Spells: 0 memorised, 4 levels left

rFire  + . .     SeeInvis .     w - +2 flail (protect)
rCold  x . .     Gourm    .     (no shield)
rNeg   . . .     Faith    .     (helmet restricted)
rPois  .         Spirit   .     (no amulet)
rElec  .         Dismiss  .     r - ring of fire
rCorr  .         Reflect  .     (no ring)
SustAt .         Harm     .     (no ring)
MR     .....                    (no ring)
Stlth  +++.......               (no ring)
                                (no ring)
                                (no ring)
                                (no ring)

@: not resistant to hostile enchantments, fairly stealthy
A: almost no armour, amphibious, 8 rings, constrict 8, camouflage 1, gelatinous
body 1
a: Renounce Religion


You were on level 4 of the Dungeon.
You worshipped Xom.
You were a plaything of Xom.
You were near starving.

You visited 1 branch of the dungeon, and saw 4 of its levels.

You collected 65 gold pieces.

Inventory:

Hand Weapons
 a - a +0 short sword
 p - a +0 hunting sling
 s - a +0 blowgun
 v - a +4 quarterstaff of crushing
 w - a +2 flail of protection (weapon)
Missiles
 i - 44 stones (quivered)
 t - 16 poisoned needles
Jewellery
 r - a ring of fire (left tentacle)
Wands
 b - a wand of flame (9/48)
 c - a wand of enslavement (12/24)
 d - a wand of random effects (10/48)
Scrolls
 e - 2 scrolls of magic mapping {unknown}
 g - 2 scrolls of teleportation {unknown}
 h - a scroll of remove curse {unknown}
 k - 4 scrolls of identify {unknown}
 n - a scroll of enchant weapon {unknown}
 u - a scroll of fear {unknown}
 x - a scroll of noise {unknown}
 y - a scroll of random uselessness {unknown}
Potions
 l - a potion of curing
 m - a potion of lignification
 o - a potion of resistance {unknown}
 A - a potion of magic {unknown}
Comestibles
 f - 2 bread rations
 j - 3 fruits
 q - a beef jerky
 z - a meat ration


   Skills:
 - Level 1.0 Fighting
 - Level 1.0 Short Blades
 + Level 4.1 Slings
 - Level 2.4 Dodging
 - Level 1.9 Stealth
 - Level 3.5 Evocations


You had 4 spell levels left.
You didn't know any spells.

Dungeon Overview and Level Annotations

Branches:
Dungeon (4/15)
 Temple: D:4-7

Altars:
Cheibriados
Dithmenos
Xom

Annotations:
D:4 Pikel


Innate Abilities, Weirdness & Mutations

You cannot wear most types of armour.
You are amphibious.
You can wear up to eight rings at the same time.
You can use your tentacles to constrict eight enemies at once.
Your skin changes colour to match your surroundings (Stealth).
Your rubbery body absorbs attacks (AC +1).


Message History

Pikel is heavily wounded.
You constrict Pikel. The slave completely misses your slave.
Pikel hits you but does no damage.
Your slave closely misses the slave.
The slave hits your slave but does no damage.
Unknown command.
You hit Pikel.
Pikel is almost dead.
You constrict Pikel, but do no damage.
Pikel hits you with a whip of electrocution.
Your slave hits the slave. The slave misses your slave. Pikel misses you.
Your slave hits the slave.
Unknown command.
You hit Pikel.
Pikel is almost dead.
You constrict Pikel, but do no damage. The slave hits your slave.
Pikel hits you with a whip of electrocution!
* * * LOW HITPOINT WARNING * * *
You are electrocuted!
You die...
Xom howls with laughter!

..... +..####.......
..... .#+#.............
...... #.........#.......
[.....##########.........
#......### ##........
#.#...# ###........
#.pp#.#####...#...#..
###K#)$......##.###..
##.@#.......# ......
#...........# ##...
#.##...###### #... #.
#.#.# ##.. #....#.## #
#.. ...###..# .# ##.
#...# ##.####.# #. #..#
#..#...# #. ..# ##..###
#.


You could see Pikel, a slave and a friendly slave.

Vanquished Creatures
  A slave (D:4)
  A phantom (D:4)
  2 adders (D:3)
  A shadow imp (D:3)
  2 giant geckos
  4 orcs (D:4)
  A giant cockroach (D:1)
  4 goblins
  A hobgoblin (D:2)
  A giant newt (D:2)
  4 kobolds
  4 rats
26 creatures vanquished.

Vanquished Creatures (collateral kills)
  A slave (D:4)
1 creature vanquished.

Grand Total: 27 creatures vanquished

Notes
Turn   | Place    | Note
--------------------------------------------------------------
     0 | D:1      | M4edhros the Octopode Artificer began the quest for the Orb.
     0 | D:1      | Reached XP level 1. HP: 13/13 MP: 3/3
   250 | D:2      | Reached XP level 2. HP: 12/18 MP: 4/4
   375 | D:2      | Found a snail-covered altar of Cheibriados.
   713 | D:3      | Found a shimmering altar of Xom.
   729 | D:3      | Became a worshipper of Xom of Chaos
   736 | D:3      | Reached skill level 1 in Slings
   736 | D:3      | Reached XP level 3. HP: 8/23 MP: 5/5
   797 | D:3      | XOM: harmless Conj miscast
  1090 | D:4      | Noticed a phantom
  1093 | D:4      | Found a shadowy altar of Dithmenos.
  1183 | D:4      | XOM: harmless Tloc miscast
  1236 | D:4      | XOM: cast spell 'Warp Weapon'
  1321 | D:4      | XOM: enchant monster (bad)
  1324 | D:4      | Killed a phantom
  1324 | D:4      | Reached skill level 4 in Slings
  1324 | D:4      | Reached XP level 4. HP: 28/28 MP: 6/6
  1324 | D:4      | Reached XP level 5. HP: 33/33 MP: 7/7
  1442 | D:4      | Noticed Pikel
  1442 | D:4      | Noticed a slave
  1447 | D:4      | Noticed a slave
  1482 | D:4      | Noticed a slave
  1484 | D:4      | Noticed a slave
  1493 | D:4      | Killed a slave
  1497 | D:4      | Killed a slave
  1501 | D:4      | Mangled by Pikel

Vault maps used:
D:1:      dpeg_arrival_rooms_b
D:2:      lemuel_crystal_altar
D:3:      nicolae_overflow_crystal_walls, kennysheep_doodads,
          roderic_roman_lattice, dk_vineyard_1,
          nicolae_gozag_cash_rules_everything_around_me
D:4:      kennysheep_mini, nicolae_overflow_hidden_temple, small_statue_alley_b,
          uniq_pikel

Action                   |  1- 3 |  4- 6 || total
-------------------------+-------+-------++-------
Melee: Short sword       |    31 |       ||    31
       Flail             |     7 |    11 ||    18
       Quarterstaff      |     5 |       ||     5
 Fire: Hunting sling     |    17 |       ||    17
Evoke: Wand              |     8 |     6 ||    14
  Use: Potion            |     2 |     1 ||     3
 Stab: Sleeping          |     6 |       ||     6
       Paralysed         |     2 |       ||     2
